 Dungeon Crawl Stone Soup version 0.29-a0-451-gfbfa42419e (webtiles) character file.

Game seed: 5639064142251326494

95 MayhemMuffin the Skirmisher (level 4, -1/37 HPs)
             Began as a Demonspawn Monk on May 19, 2022.
             Slain by a gnoll
             ... wielding a +0 flail
              (6 damage)
             ... on level 3 of the Dungeon.
             The game lasted 00:02:56 (2858 turns).

MayhemMuffin the Skirmisher (Demonspawn Monk)       Turns: 2858, Time: 00:02:56

Health: -1/37      AC:  5    Str: 12    XL:     4   Next: 40%
Magic:  4/4        EV: 11    Int: 13    God:
Gold:   84         SH:  0    Dex: 15    Spells: 3/3 levels left

rFire   . . .      SeeInvis .   a - +0 falchion
rCold   . . .      Faith    .   (no shield)
rNeg    . . .      Spirit   .   e - +0 ring mail
rPois   .          Reflect  .   (no helmet)
rElec   .          Harm     .   (no cloak)
rCorr   .          Rampage  .   (no gloves)
Will    .....                   (no boots)
Stlth   +.........              (no amulet)
HPRegen 0.12/turn               n - ring of wizardry
MPRegen 0.09/turn               (no ring)

@: no status effects
A: demonic magic 1
a: no special abilities


You were on level 3 of the Dungeon.
You visited 1 branch of the dungeon, and saw 3 of its levels.

You collected 84 gold pieces.

Inventory:

Hand Weapons
 a - a +0 falchion (weapon)
Armour
 b - a +0 robe
 e - a +0 ring mail (worn)
   (You found it on level 1 of the Dungeon)
Magical Staves
 f - a staff of fire
   (You found it on level 1 of the Dungeon)
Jewellery
 n - a ring of wizardry (left hand)
   (You found it on level 2 of the Dungeon)
Scrolls
 g - a scroll of immolation {unknown}
 h - a scroll of amnesia {unknown}
 j - a scroll of enchant weapon {unknown}
 k - a scroll of brand weapon {unknown}
 m - 2 scrolls of teleportation {unknown}
 o - a scroll of identify {unknown}
 p - a scroll of noise {unknown}
Potions
 c - a potion of ambrosia
 d - 2 potions of flight {unknown}
 i - a potion of curing {unknown}
 l - 2 potions of haste {unknown}
 q - a potion of brilliance {unknown}
 r - a potion of heal wounds {unknown}
 s - a potion of attraction {unknown}
 t - 2 potions of mutation {unknown}
 v - a potion of invisibility {unknown}


   Skills:
 - Level 4.0 Fighting
 - Level 2.6 Long Blades
 + Level 1.3 Staves
 - Level 2.6 Dodging
 - Level 1.7 Stealth
 + Level 1.2 Fire Magic
 - Level 2.0 Evocations


You had 3 spell levels left.
You didn't know any spells.
Your spell library was empty.

Dungeon Overview and Level Annotations

Branches:
Dungeon (3/15)

Altars:


Innate Abilities, Weirdness & Mutations

Spells you cast may paralyse adjacent enemies.


Message History

No target in view!
No target in view!
No target in view!
No target in view!
No target in view!
You start waiting.
A gnoll comes into view. It is wielding a +0 flail.
You start waiting.
A gnoll comes into view. It is wielding a +0 spear.
The gnoll shouts!
The gnoll hits you from afar with a +0 spear.
You hit the gnoll. The gnoll hits you but does no damage.
You closely miss the gnoll. The gnoll closely misses you.
You slash the gnoll! The gnoll barely misses you.
The gnoll hits you from afar with a +0 spear.
You hit the gnoll but do no damage. The gnoll barely misses you.
The gnoll hits you from afar with a +0 spear.
The gnoll closely misses you.
The gnoll hits you from afar with a +0 spear.
You are too injured to fight recklessly!
You are too injured to fight recklessly!
You are too injured to fight recklessly!
You are too injured to fight recklessly!
You are too injured to fight recklessly!
You are too injured to fight recklessly!
You are too injured to fight recklessly!
You are too injured to fight recklessly!
You are too injured to fight recklessly!
You are too injured to fight recklessly!
You are too injured to fight recklessly!
You are too injured to fight recklessly!
You are too injured to fight recklessly!
You are too injured to fight recklessly!
You are too injured to fight recklessly!
You are too injured to fight recklessly!
Unknown command.
You barely miss the gnoll. The gnoll misses you.
A gnoll comes into view. It is wielding a +0 spear.
The gnoll hits you from afar with a +0 spear.
You completely miss the gnoll. The gnoll hits you with a +0 flail!
* * * LOW HITPOINT WARNING * * *
The gnoll hits you from afar with a +0 spear.
* * * LOW HITPOINT WARNING * * *
The gnoll attacks as you move away! The gnoll hits you with a +0 flail.
* * * LOW HITPOINT WARNING * * *
The gnoll attacks as you move away! The gnoll hits you with a +0 flail.
* * * LOW HITPOINT WARNING * * *
The gnoll attacks as you move away! The gnoll barely misses you.
The gnoll attacks as you move away! The gnoll hits you with a +0 flail.
You die...

####......................#.#
.............#..............#
####........#............###
#........###.########....
##.#########<##### ####.
#.........#.....# #....
.#######.........#...#.####.###
..............................>
...##.###...gg@........####.##.
# ##.#####.####### #.#.. . #.#
#....# #.... ... #.# ####.#
###.. .....###.##### #.#### ###
(.(....)g....# #....########
.............# ####.........
..#.........)# #.##......##.
#..........# #.##.......#.


You could see 2 gnolls.

Vanquished Creatures
  Terence (D:3)
  A gnoll (D:3)
  A dart slug (D:1)
  An orc (D:3)
  3 bats
  An endoplasm (D:1)
  A giant cockroach (D:1)
  5 goblins
  6 hobgoblins
  3 jackals (D:1)
  9 kobolds
  3 quokkas
  7 ball pythons
  4 frilled lizards
  8 rats
54 creatures vanquished.

Notes
Turn   | Place    | Note
-------+----------+-------------------------------------------
     0 | D:1      | MayhemMuffin the Demonspawn Monk began the quest for the
                  | Orb.
     0 | D:1      | Reached XP level 1. HP: 18/18 MP: 1/1
   544 | D:1      | Gained mutation: Spells you cast may paralyse adjacent
                  | enemies. [demonic ancestry]
   544 | D:1      | Reached XP level 2. HP: 23/24 MP: 2/2
   645 | D:1      | Found a faded altar of an unknown god.
   965 | D:1      | Reached skill level 4 in Fighting
  1008 | D:1      | Reached skill level 1 in Evocations
  1096 | D:1      | Reached XP level 3. HP: 30/30 MP: 3/3
  2524 | D:3      | Noticed Terence
  2534 | D:3      | Killed Terence
  2535 | D:3      | Reached skill level 1 in Staves
  2535 | D:3      | Reached skill level 1 in Fire Magic
  2535 | D:3      | Reached XP level 4. HP: 18/37 MP: 0/4
  2858 | D:3      | Slain by a gnoll

Illustrated notes

Levels and vault maps discovered:
D:1:      dpeg_arrival_snail, layout_loops_ring,
          ebering_ecumenical_altar_sacrificial, serial_park_tiny_1,
          dk_noncrumbling_4
D:2:      layout_rooms, nicolae_underground_beach
D:3:      layout_basic, uniq_terence

Skill      XL: |  1  2  3 |
---------------+----------+-----
Fighting       | 4 |  4.0
Evocations     | 1 2 |  2.0
Staves         | 1 |  1.3
Fire Magic     | 1 |  1.2
Long Blades    | |  2.6
Dodging        | |  2.6
Stealth        | |  1.7

Action                   |  1- 3 |  4- 6 || total
-------------------------+-------+-------++-------
Melee: Falchion          |   159 |    12 ||   171
       Punch             |     4 |       ||     4
Throw: Dart              |     2 |     2 ||     4
 Stab: Sleeping          |     2 |       ||     2
Armor: Ring mail         |    68 |     3 ||    71
Dodge: Dodged            |    96 |    12 ||   108

Table legend: (Time is in decaauts)
 A = Elapsed time spent in this place.
 B = Non-inter-level travel time spent in this place.
 C = Inter-level travel time spent in this place.
 D = Time resting spent in this place.
 E = Time spent auto-exploring this place.
 F = Levels seen in this place.
 G = Mean time per level.
                   A        B        C        D        E       F      G
               +--------+--------+--------+--------+--------+-----+--------+
         Total |   2886 |   2842 |     44 |   1009 |   1375 |   3 |  962.0 |
       Dungeon |   2886 |   2842 |     44 |   1009 |   1375 |   3 |  962.0 |
               +--------+--------+--------+--------+--------+-----+--------+

Top non-repeatable levels by time:
     D:1: 1846 daAuts
     D:3: 530 daAuts
     D:2: 510 daAuts
